 Dungeon Crawl Stone Soup version 0.21.1-1-g345015f (webtiles) character file.

492 Monsterracer the Ruffian (level 6, 0/57 HPs)
             Began as a Troll Arcane Marksman on Feb 9, 2018.
             Was an Initiate of Qazlal.
             Slain by an orc priest
             ... wielding a +0 flail
              (1 damage)
             ... on level 4 of the Dungeon.
             The game lasted 00:10:08 (3070 turns).

Monsterracer the Ruffian (Troll Arcane Marksman)    Turns: 3070, Time: 00:10:08

Health: 0/57       AC:  5    Str: 23    XL:     6   Next: 91%
Magic:  6/6        EV: 10    Int:  9    God:    Qazlal [......]
Gold:   202        SH:  0    Dex: 10    Spells: 6/7 levels left

rFire    . . .     SeeInvis .     - Unarmed
rCold    + . .     Gourm    +   (no shield)
rNeg     . . .     Faith    .   a - +0 robe
rPois    +         Spirit   .   (helmet restricted)
rElec    .         Reflect  .   (no cloak)
rCorr    .         Harm     .   (gloves unavailable)
MR       .....                  (boots unavailable)
Stlth    +.........             (no amulet)
HPRegen  0.59/turn              g - ring of protection from cold {!d}
MPRegen  0.10/turn              (no ring)

@: lethally poisoned (0 -> 0)
A: large, unfitting armour, claws 3, talons 1, fast metabolism 3, gourmand,
poison resistance, regeneration 1, shaggy fur 1, strong 1, tough skin 2, subdued
magic 1
a: Renounce Religion


You were on level 4 of the Dungeon.
You worshipped Qazlal.
Qazlal was noncommittal.
You were full.

You visited 2 branches of the dungeon, and saw 5 of its levels.

You collected 202 gold pieces.

Inventory:

Missiles
 d - 2 throwing nets
 f - 4 large rocks (quivered)
 v - 17 poisoned needles
Armour
 a - a +0 robe (worn)
 l - a cursed +0 shield
Jewellery
 g - a ring of protection from cold (left claw) {!d}
 x - an uncursed ring of ice
Scrolls
 i - a scroll of fog {unknown}
 k - 3 scrolls of identify {unknown}
 m - 2 scrolls of enchant armour {unknown}
 n - a scroll of fear {unknown}
 q - 4 scrolls of magic mapping {unknown}
 r - 2 scrolls of noise {unknown}
 s - 3 scrolls of teleportation {unknown}
 t - 2 scrolls of remove curse {unknown}
 w - a scroll of random uselessness {unknown}
Potions
 b - 2 potions of mutation {!q}
 e - a potion of flight {unknown}
 h - a potion of brilliance {unknown}
 j - 2 potions of heal wounds {unknown}
 o - a potion of magic {unknown}
 p - a potion of lignification {unknown}
 z - a potion of curing {unknown}
Comestibles
 c - 8 rations


   Skills:
 + Level 1.8 Fighting
 + Level 2.6 Throwing
 - Level 1.5 Dodging
 + Level 1.6 Shields
 * Level 5.8 Unarmed Combat
 - Level 1.0 Spellcasting
 - Level 2.0 Hexes
 + Level 0.5 Invocations


You had 6 spell levels left.
You knew the following spells:

 Your Spells              Type           Power        Failure   Level  Hunger
a - Corona                Hex            #......      13%         1    ##.....


Dungeon Overview and Level Annotations

Branches:
Dungeon (4/15)             Temple (1/1) D:4

Altars:
Ashenzari
Cheibriados
Dithmenos
Elyvilon
Fedhas
Makhleb
Qazlal
Ru
Sif Muna
Trog
Vehumet
Wu Jian
Xom
Yredelemnul
Zin


Innate Abilities, Weirdness & Mutations

You are too large for most types of armour.
You have claws for hands.
Your metabolism is lightning-fast.
You like to eat raw meat.
Your natural rate of healing is unusually fast.
You are covered in fur. (AC +1)
You have very tough skin. (AC +2)
You have sharp toenails.
Your system is resistant to poisons. (rPois)
Your muscles are strong. (Str +2)
Your spells are a little easier to cast, but a little less powerful.


Message History

You regained 3 hp, and now have 56/57 hp.
The howler monkey hits you but does no damage.
There are monsters nearby!
You closely miss the howler monkey. The howler monkey hits you.
You take 5 damage, and have 51/57 hp.
You barely miss the howler monkey.
The howler monkey hoots and howls with incredible vigour!
You hear a shout! x6
The adder hisses angrily.
You claw the howler monkey!
The howler monkey is severely wounded.
The howler monkey hits you.
You take 2 damage, and have 49/57 hp.
You claw the howler monkey!
You kill the howler monkey!
Qazlal accepts your kill. The adder bites you.
You take 1 damage, and have 48/57 hp.
You closely miss the adder. The adder barely misses you.
An ogre comes into view. It is wielding a giant club.
You closely miss the adder.
The adder bites you but does no damage. 2 orcs come into view.
You scratch the ogre.
The ogre is lightly wounded.
The adder bites you. The ogre hits you with a giant club!
You take 13 damage, and have 36/57 hp.
MASSIVE DAMAGE!!
You are too injured to fight recklessly!
The adder completely misses you.
You see here a flail.
You see here an orc corpse.
The adder barely misses you.
You claw the orc!
You kill the orc!
Qazlal accepts your kill. The adder bites you.
An orc priest comes into view. It is wielding a flail.
You take 4 damage, and have 34/57 hp.
You closely miss the adder. The adder bites you but does no damage.
You closely miss the adder. The adder closely misses you. The adder bites you.
You take 1 damage, and have 34/57 hp.
You miss the adder. The adder closely misses you.
You scratch the adder but do no damage. The adder bites you.
You take 1 damage, and have 34/57 hp.
You barely miss the adder. The adder barely misses you.
You miss the adder. The adder closely misses you.
You closely miss the adder. The adder barely misses you.
You closely miss the adder.
The adder bites you but does no damage. x2
You closely miss the adder. The adder bites you.
You take 3 damage, and have 33/57 hp.
You scratch the adder.
The adder is severely wounded.
The adder closely misses you.
Throwing (i - inventory. (,) - cycle):
f - 7 large rocks (quivered)
Press: ? - help, Shift-Dir - straight line, f - adder
Aim: an adder (heavily wounded)
You throw a large rock.
The large rock closely misses the adder.
The large rock hits the ogre!
The ogre is severely wounded.
The adder barely misses you. The adder bites you.
You are poisoned.
The adder poisons you!
You take 3 damage, and have 30/57 hp.
Throwing (i - inventory. (,) - cycle):
f - 6 large rocks (quivered)
Press: ? - help, Shift-Dir - straight line, f/p - adder
Aim: an adder (heavily wounded)
You throw a large rock. The large rock hits the adder!!
You kill the adder!
Qazlal accepts your kill.
You feel sick.
The orc priest looks satisfied for a moment.
The orc closely misses you.
An orc comes into view. It is wielding a hand axe.
Throwing (i - inventory. (,) - cycle):
f - 5 large rocks (quivered)
Press: ? - help, Shift-Dir - straight line, f - orc
Aim: an orc, wielding a morningstar and wearing a ring mail You throw a large rock.
The large rock hits the orc!
You kill the orc!
Qazlal accepts your kill.
You feel sick.
The orc priest casts a cantrip, but nothing happens.
The orc closely misses you.
You claw the orc!
You kill the orc!
Qazlal accepts your kill.
An orc comes into view. It is wielding a dagger.
You feel sick.
The orc shouts!
The ogre hits you with a giant club!!
* * * LOW HITPOINT WARNING * * *
The orc priest invokes the aid of Beogh against you.
Beogh smites you!
* * * LOW HITPOINT WARNING * * *
Items here: ( ))) [[ †† You take 30 damage, and have 1/57 hp.
MASSIVE DAMAGE!!
It was a potion of mutation.
You feel extremely strange.
You feel resistant to poisons.
Your connection to magic feels subdued.
You feel stronger.
Your toenails lengthen and sharpen.
The ogre closely misses you. The orc priest hits you with a flail.
You die...

##...#######.....##[###
##...##..^##.....#...#######
.....#.....#.....#...#.....#
.....+.....'..>..'...'.....#
.....#.....#.....#...#.>...#
.....#.....#.....#...#.....#
.....#.....#.....#...#######
##...#############...##..
##...##...##..oO@†).......
##...#.........o##...##...
##...#.........†####+# ...
)....'........<.. ..
.....#...........# .
.....#...........#
##..###...##.....# ###'##
...##....## .....+
...##....#


You could see an ogre, an orc priest and an orc.

Vanquished Creatures
  A bullfrog (D:2)
  A scorpion (D:4)
  A howler monkey (D:4)
  4 orc wizards (D:4)
  A worker ant (D:4)
  A gnoll (D:1)
  7 adders
  An adder skeleton (D:4)
  A worm (D:3)
  2 dart slugs
  A leopard gecko (D:2)
  22 orcs
  2 ball pythons
  5 giant cockroaches
  10 goblins
  11 hobgoblins
  7 jackals (D:3)
  10 kobolds
  2 quokkas
  9 bats
  4 frilled lizards
  7 rats
110 creatures vanquished.

Vanquished Creatures (others)
  A plant (D:1)
1 creature vanquished.

Grand Total: 111 creatures vanquished

Notes
Turn   | Place    | Note
-------+----------+-------------------------------------------
     0 | D:1      | Monsterracer the Troll Arcane Marksman began the quest for the Orb.
     0 | D:1      | Reached XP level 1. HP: 18/18 MP: 1/1
   114 | D:1      | Reached skill level 1 in Unarmed Combat
   257 | D:1      | Reached XP level 2. HP: 26/26 MP: 2/2
   277 | D:1      | Reached skill level 2 in Unarmed Combat
   350 | D:1      | Reached XP level 3. HP: 32/32 MP: 3/3
   802 | D:2      | Reached skill level 3 in Unarmed Combat
   871 | D:2      | Noticed a bullfrog
   875 | D:2      | Killed a bullfrog
   875 | D:2      | Reached skill level 4 in Unarmed Combat
   875 | D:2      | Reached XP level 4. HP: 40/40 MP: 4/4
  1177 | D:2      | Reached XP level 5. HP: 33/46 MP: 5/5
  1572 | D:3      | Reached skill level 1 in Fighting
  1857 | D:3      | Reached skill level 5 in Unarmed Combat
  1865 | D:3      | Found a blossoming altar of Fedhas.
  2471 | D:4      | Reached skill level 1 in Shields
  2471 | D:4      | Reached XP level 6. HP: 55/55 MP: 6/6
  2481 | D:4      | HP: 25/55 [orc/mace (4)]
  2486 | D:4      | HP: 20/55 [poisoned by an orc wizard]
  2492 | D:4      | HP: 20/55 [poisoned by an orc wizard]
  2498 | D:4      | HP: 20/55 [poisoned by an orc wizard]
  2504 | D:4      | HP: 17/55 [poisoned by an adder]
  2510 | D:4      | HP: 16/55 [poisoned by an adder]
  2515 | D:4      | HP: 17/55 [poisoned by an adder]
  2522 | D:4      | HP: 19/55 [poisoned by an adder]
  2530 | D:4      | HP: 22/55 [poisoned by an adder]
  2768 | D:4      | Found a staircase to the Ecumenical Temple.
  2774 | Temple   | Entered the Ecumenical Temple
  2979 | Temple   | Became a worshipper of Qazlal Stormbringer
  3069 | D:4      | HP: 13/57 [ogre/giant club (18)]
  3069 | D:4      | HP: 1/57 [orc priest/divine providence (12)]
  3070 | D:4      | Gained mutation: Your system is resistant to poisons. (rPois) [potion of mutation]
  3070 | D:4      | Gained mutation: Your spells are a little easier to cast, but a little less powerful. [potion of mutation]
  3070 | D:4      | Gained mutation: Your muscles are strong. (Str +2) [potion of mutation]
  3070 | D:4      | Gained mutation: You have sharp toenails. [potion of mutation]
  3070 | D:4      | Slain by an orc priest

Skill      XL: |  1  2  3  4  5 |
---------------+----------------+-----
Unarmed Combat | 1 2 4 5 |  5.8
Throwing       | 2 |  2.6
Fighting       | 1 |  1.8
Shields        | 1 |  1.6
Dodging        | |  1.5
Spellcasting   | |  1.0
Hexes          | |  2.0
Invocations    | |  0.5

Action                   |  1- 3 |  4- 6 || total
-------------------------+-------+-------++-------
Melee: Unarmed           |    69 |   222 ||   291
       Punch             |       |     4 ||     4
Throw: Large rock        |     7 |     3 ||    10
       Throwing net      |     1 |       ||     1
  Use: Potion            |       |     1 ||     1
  Eat: Chunk             |    14 |    17 ||    31
Armor: Robe              |    39 |    80 ||   119
Dodge: Dodged            |    38 |   113 ||   151

Vault maps used:
D:1:      dpeg_arrival_rooms_with_view, chequers_big_river
D:2:      first_ration
D:3:      kennysheep_six_static_rooms, minmay_misc_feat_room, fedhas_altar_4
D:4:      temple_green
Temple:   regret_index_temple_generic_petals
